 Dungeon Crawl Stone Soup version 0.28-a0-1184-g53156a8862 (webtiles) character file.

Game seed: 12121354846660689559

100 karrick the Sneak (level 4, -7/32 HPs)
             Began as a Gnoll Enchanter on Dec 18, 2021.
             Shot with an arrow by a centaur (11 damage)
             ... on level 4 of the Dungeon.
             The game lasted 00:07:34 (4017 turns).

karrick the Sneak (Gnoll Enchanter)                 Turns: 4017, Time: 00:07:35

Health: -7/32      AC:  3    Str: 10    XL:     4   Next: 74%
Magic:  10/11      EV: 13    Int: 14    God:
Gold:   71         SH:  0    Dex: 12    Spells: 7/13 levels left

rFire   . . .      SeeInvis .   a - +1 dagger
rCold   . . .      Faith    .   (no shield)
rNeg    . . .      Spirit   .   b - +0 robe
rPois   .          Reflect  .   (no helmet)
rElec   .          Harm     .   (no cloak)
rCorr   .          Rampage  .   (no gloves)
Will    .....                   c - +0 pair of boots
Stlth   +++.......              (no amulet)
HPRegen 0.10/turn               (no ring)
MPRegen 0.12/turn               (no ring)

@: no status effects
A: fangs 1, strong nose, distributed training
a: no special abilities


You were on level 4 of the Dungeon.
You visited 1 branch of the dungeon, and saw 4 of its levels.

You collected 71 gold pieces.

Inventory:

Hand Weapons
 a - a +1 dagger (weapon)
 h - a +0 quarterstaff
 i - a +0 rapier
Armour
 b - a +0 robe (worn)
 c - a +0 pair of boots (worn)
 f - a +0 leather armour
 q - a +2 buckler
Wands
 s - a wand of polymorph (7)
Scrolls
 d - 5 scrolls of identify {unknown}
 e - a scroll of torment {unknown}
 g - a scroll of blinking {unknown}
 k - a scroll of vulnerability {unknown}
 r - a scroll of magic mapping {unknown}
Potions
 j - 6 potions of curing {unknown}
 l - 2 potions of mutation {unknown}
 m - a potion of brilliance {unknown}
 n - a potion of resistance {unknown}
 o - a potion of attraction {unknown}
 p - a potion of might {unknown}


   Skills:
 + Level 1.2 Fighting
 + Level 2.8 Short Blades
 + Level 1.2 Long Blades
 + Level 1.2 Axes
 + Level 1.2 Maces & Flails
 + Level 1.2 Polearms
 + Level 1.2 Staves
 + Level 1.2 Slings
 + Level 1.2 Bows
 + Level 1.2 Crossbows
 + Level 1.2 Throwing
 + Level 1.2 Armour
 + Level 4.7 Dodging
 + Level 6.1 Stealth
 + Level 1.2 Shields
 + Level 1.2 Unarmed Combat
 + Level 5.1 Spellcasting
 + Level 1.0 Conjurations
 + Level 5.5 Hexes
 + Level 1.0 Summonings
 + Level 1.0 Necromancy
 + Level 1.0 Translocations
 + Level 1.0 Transmutations
 + Level 1.0 Fire Magic
 + Level 1.0 Ice Magic
 + Level 1.0 Air Magic
 + Level 1.0 Earth Magic
 + Level 1.0 Poison Magic
 + Level 1.3 Invocations
 + Level 1.2 Evocations


You had 7 spell levels left.
You knew the following spells:

 Your Spells              Type           Power      Damage    Failure   Level
a - Confusing Touch       Hex            18%        N/A       5%          3
b - Tukima's Dance        Hex            18%        N/A       5%          3

Your spell library contained the following spells:

 Spells                   Type           Power      Damage    Failure   Level
 Ensorcelled Hibernation  Hex/Ice        24%        N/A       7%          2
 Dazzling Flash           Conj/Hex       24%        N/A       14%         3


Dungeon Overview and Level Annotations

Branches:
Dungeon (4/15)
 Temple: D:4-7

Altars:


Innate Abilities, Weirdness & Mutations

You have very sharp teeth.
Your uncanny sense of smell can sniff out nearby items.
Your experience applies equally to all skills.


Message History

Done exploring.
There is an open door here.
There is a stone staircase leading down here.
You climb downwards.
There is a stone staircase leading up here.
Found a leather armour.
A centaur comes into view.
The centaur shouts!
The centaur wields a +0 shortbow.
The centaur shoots an arrow.
The arrow misses you.
The centaur unwields a +0 shortbow.
The centaur closely misses you. x2
Casting: Tukima's Dance (dangerous; 5% risk of failure)
Confirm with . or Enter, or press ? or * to list all spells.
Your hands begin to glow red.
The centaur hits you. The centaur closely misses you.
Unknown command.
You barely miss the centaur. Your bite misses the centaur.
The centaur closely misses you. The centaur barely misses you.
A hobgoblin comes into view.
You barely miss the centaur. The centaur hits you.
The centaur kicks you but does no damage.
The centaur hits you. The centaur kicks you.
The hobgoblin shouts!
You hit the centaur but do no damage.
The centaur appears confused.
The centaur laughs at nothing.
You strike the helpless centaur from behind!
You puncture the centaur!
The centaur is severely wounded.
You hit the centaur.
The centaur is almost dead.
The centaur closely misses the hobgoblin.
The centaur kicks the hobgoblin but does no damage.
The centaur wields a +0 shortbow.
The centaur shoots an arrow.
The arrow hits you!
The centaur shoots an arrow.
The arrow hits you.
* * * LOW HITPOINT WARNING * * *
The centaur shoots an arrow.
The arrow barely misses you.
The centaur shoots an arrow.
The arrow closely misses you.
The centaur shoots an arrow.
The arrow hits you!
You die...

#####..c...........#
###.#..#######.......#
#....#.......#.......+
+....#c......#.......#
#....+.g.....#g...?..#
######.###+###....[..#
#...##.## #.......#
#.......# #.......#
#....@..# #.......#
#.......# #.......#
######### ∆


You could see a centaur and a hobgoblin.

Vanquished Creatures
  An adder (D:2)
  4 gnolls
  A worm (D:3)
  A dart slug (D:1)
  An orc (D:3)
  6 endoplasms
  A giant cockroach (D:1)
  4 hobgoblins
  4 jackals (D:3)
  3 quokkas
  6 ball pythons
  2 bats (D:1)
  2 frilled lizards (D:1)
  4 goblins
  4 kobolds
  3 rats
47 creatures vanquished.

Notes
Turn   | Place    | Note
-------+----------+-------------------------------------------
     0 | D:1      | karrick the Gnoll Enchanter began the quest for the Orb.
     0 | D:1      | Reached XP level 1. HP: 13/13 MP: 6/6
   554 | D:1      | Found a faded altar of an unknown god.
   571 | D:1      | Reached XP level 2. HP: 17/19 MP: 7/7
  1585 | D:1      | Reached skill level 5 in Spellcasting
  1585 | D:1      | Reached XP level 3. HP: 21/25 MP: 7/9
  1589 | D:1      | Learned a level 3 spell: Confusing Touch
  2295 | D:2      | Reached skill level 6 in Stealth
  2366 | D:2      | Reached skill level 1 in Invocations
  2732 | D:3      | Reached skill level 1 in Fighting
  2732 | D:3      | Reached skill level 1 in Long Blades
  2732 | D:3      | Reached skill level 1 in Axes
  2732 | D:3      | Reached skill level 1 in Maces & Flails
  2732 | D:3      | Reached skill level 1 in Polearms
  2732 | D:3      | Reached skill level 1 in Staves
  2732 | D:3      | Reached skill level 1 in Slings
  2732 | D:3      | Reached skill level 1 in Bows
  2732 | D:3      | Reached skill level 1 in Crossbows
  2732 | D:3      | Reached skill level 1 in Throwing
  2732 | D:3      | Reached skill level 1 in Armour
  2732 | D:3      | Reached skill level 1 in Shields
  2732 | D:3      | Reached skill level 1 in Unarmed Combat
  2732 | D:3      | Reached skill level 1 in Evocations
  2763 | D:2      | Reached XP level 4. HP: 21/32 MP: 7/11
  3222 | D:3      | Reached skill level 1 in Conjurations
  3222 | D:3      | Reached skill level 1 in Summonings
  3222 | D:3      | Reached skill level 1 in Necromancy
  3222 | D:3      | Reached skill level 1 in Translocations
  3222 | D:3      | Reached skill level 1 in Transmutations
  3222 | D:3      | Reached skill level 1 in Fire Magic
  3222 | D:3      | Reached skill level 1 in Ice Magic
  3222 | D:3      | Reached skill level 1 in Air Magic
  3222 | D:3      | Reached skill level 1 in Earth Magic
  3222 | D:3      | Reached skill level 1 in Poison Magic
  3252 | D:3      | Learned a level 3 spell: Tukima's Dance
  3993 | D:4      | Noticed a centaur
  4017 | D:4      | Shot with an arrow by a centaur

Illustrated notes

Levels and vault maps discovered:
D:1:      sevenhm_arrival_forest_fort_large_3, layout_loops_ring,
          hellmonk_ecumenical_altar_run_dry, minmay_misc_feat_rows,
          minmay_heptomino_l4
D:2:      layout_basic
D:3:      layout_loops_corners, feat_on_display
D:4:      layout_gridville, st_stairs_10

Skill      XL: |  1  2  3  4 |
---------------+-------------+-----
Spellcasting   | 5 |  5.1
Stealth        | 6 |  6.1
Invocations    | 1 |  1.3
Fighting       | 1 |  1.2
Long Blades    | 1 |  1.2
Axes           | 1 |  1.2
Maces & Flails | 1 |  1.2
Polearms       | 1 |  1.2
Staves         | 1 |  1.2
Slings         | 1 |  1.2
Bows           | 1 |  1.2
Crossbows      | 1 |  1.2
Throwing       | 1 |  1.2
Armour         | 1 |  1.2
Shields        | 1 |  1.2
Unarmed Combat | 1 |  1.2
Evocations     | 1 |  1.2
Conjurations   | 1 |  1.0
Summonings     | 1 |  1.0
Necromancy     | 1 |  1.0
Translocations | 1 |  1.0
Transmutations | 1 |  1.0
Fire Magic     | 1 |  1.0
Ice Magic      | 1 |  1.0
Air Magic      | 1 |  1.0
Earth Magic    | 1 |  1.0
Poison Magic   | 1 |  1.0
Short Blades   | |  2.8
Dodging        | |  4.7
Hexes          | |  5.5

Action                   |  1- 3 |  4- 6 || total
-------------------------+-------+-------++-------
Melee: Dagger            |   163 |    64 ||   227
       Bite              |    14 |     7 ||    21
 Cast: Confusing Touch   |     3 |     4 ||     7
       Tukima's Dance    |       |     2 ||     2
  Use: Potion            |     1 |       ||     1
 Stab: Sleeping          |    10 |     2 ||    12
       Confused          |     2 |     3 ||     5
Armor: Robe              |    24 |    11 ||    35
Dodge: Dodged            |   107 |    44 ||   151

Table legend: (Time is in decaauts)
 A = Elapsed time spent in this place.
 B = Non-inter-level travel time spent in this place.
 C = Inter-level travel time spent in this place.
 D = Time resting spent in this place.
 E = Time spent auto-exploring this place.
 F = Levels seen in this place.
 G = Mean time per level.
                   A        B        C        D        E       F      G
               +--------+--------+--------+--------+--------+-----+--------+
         Total |   3992 |   3910 |     82 |    315 |   2927 |   4 |  998.0 |
       Dungeon |   3992 |   3910 |     82 |    315 |   2927 |   4 |  998.0 |
               +--------+--------+--------+--------+--------+-----+--------+

Top non-repeatable levels by time:
     D:1: 1762 daAuts
     D:3: 1223 daAuts
     D:2: 960 daAuts
     D:4: 46 daAuts
